 Dungeon Crawl Stone Soup version 0.29.0-5-ge4962eb29e (webtiles) character file.

Game seed: 5614338834434462766

2 greasedhog the Trooper (level 1, 4/14 HPs)
             Began as a Gargoyle Fighter on Aug 30, 2022.
             Quit the game on level 1 of the Dungeon.
             The game lasted 00:00:11 (187 turns).

greasedhog the Trooper (Gargoyle Fighter)            Turns: 187, Time: 00:00:12

Health: 4/14       AC:  9    Str: 19    XL:     1   Next: 40%
Magic:  1/1        EV:  6    Int:  8    God:
Gold:   0          SH:  4    Dex:  9    Spells: 0/0 levels left

rFire   . . .      SeeInvis .   a - +0 flail
rCold   . . .      Faith    .   c - +0 buckler
rNeg    + . .      Spirit   .   b - +0 scale mail
rPois   ∞          Reflect  .   (no helmet)
rElec   +          Harm     .   (no cloak)
rCorr   .          Rampage  .   (no gloves)
Will    .....                   (no boots)
Stlth   ..........              (no amulet)
HPRegen 0.04/turn               (no ring)
MPRegen 0.07/turn               (no ring)

@: constricted
A: sickness immunity, AC +2, negative energy resistance 1, electricity
resistance, torment resistance 1, petrification resistance
a: no special abilities


You were on level 1 of the Dungeon.
You visited 1 branch of the dungeon, and saw 1 of its levels.

Inventory:

Hand Weapons
 a - a +0 flail (weapon)
Armour
 b - a +0 scale mail (worn)
 c - a +0 buckler (worn)
Scrolls
 f - a scroll of fear {unknown}
 g - a scroll of blinking {unknown}
 h - a scroll of immolation {unknown}
Potions
 d - a potion of might
 e - 2 potions of attraction {unknown}


   Skills:
 * Level 3.4 Fighting
 * Level 2.1 Maces & Flails
 - Level 3.2 Armour
 - Level 3.2 Shields


You couldn't memorise any spells.
You didn't know any spells.
Your spell library was empty.

Dungeon Overview and Level Annotations

Branches:
Dungeon (1/15)

Altars:


Innate Abilities, Weirdness & Mutations

You are immune to sickness and miasma.
Your stone body is resilient. (AC +2)
You are immune to poison.
You resist negative energy. (rN+)
You are resistant to electric shocks. (rElec)
You are resistant to unholy torment.
You are immune to petrification.


Message History

No target in view!
No target in view!
No target in view!
No target in view!
HP restored.
e - 2 red potions
Found a stone staircase leading down.
f - a scroll labelled JIATEI LIOCEITS No target in view!
g - a scroll labelled YMAOGU VUDEFIP
h - a scroll labelled OPIJEA AHOA A goblin comes into view.
It is wielding a +0 dagger.
A ball python comes into view.
The ball python hisses angrily.
The goblin hits you with a +0 dagger.
The ball python moves out of view.
You barely miss the goblin. The goblin hits you with a +0 dagger.
You block the goblin's attack.
You completely miss the goblin. The goblin closely misses you.
The ball python bites you. You block the ball python's attack.
You hit the goblin.
The goblin is almost dead.
The ball python bites you. The ball python grabs you.
The ball python constricts you. The goblin barely misses you.
You barely miss the ball python. The ball python bites you.
The ball python constricts you. The goblin barely misses you.
The ball python barely misses you. The ball python constricts you.
The goblin hits you with a +0 dagger.
* * * LOW HITPOINT WARNING * * *
You are too injured to fight recklessly!
You are too injured to fight recklessly!
You are too injured to fight recklessly!
You are too injured to fight recklessly!
You are too injured to fight recklessly!
You are too injured to fight recklessly!
You are too injured to fight recklessly!
You are too injured to fight recklessly!
You are too injured to fight recklessly!
You are too injured to fight recklessly!
Unknown command.
Are you sure you want to abandon this character and quit the game? (Confirm with "yes".)

......
#...........#
.###.
#.......###.#
#...........#
#.# .
#.......##.##.#
.# #.......#
#...#
#.##...##.##..##
.# #...# #...##
###.##..##
#g@.## #.S##
#.## #. .. ...
..## ###


You could see a goblin and a ball python.

Vanquished Creatures
  A giant cockroach (D:1)
  A goblin (D:1)
2 creatures vanquished.

Notes
Turn   | Place    | Note
-------+----------+-------------------------------------------
     0 | D:1      | greasedhog the Gargoyle Fighter began the quest for the
                  | Orb.
     0 | D:1      | Reached XP level 1. HP: 14/14 MP: 1/1
   187 | D:1      | Quit the game

Illustrated notes

Levels and vault maps discovered:
D:1:      dpeg_arrival_rhombi, layout_rooms, minmay_misc_feat_roman,
          serial_bayou_pond_d, supply_closet_lemuel, minmay_vboxes

Action                   || total
-------------------------++-------
Melee: Flail             ||     6
Dodge: Dodged            ||     6
Block: Buckler           ||     2
